 Dungeon Crawl Stone Soup version 0.31-a0-182-gc5ef74bbde (webtiles) character file.

Game seed: 3207826074716907067

7 ytrimaz the Grave Robber (level 1, -4/13 HPs)
             Began as a Mummy Necromancer on June 21, 2023.
             Slain by a gnoll
             ... wielding a +0 club
              (6 damage)
             ... on level 1 of the Dungeon.
             The game lasted 00:00:29 (299 turns).

ytrimaz the Grave Robber (Mummy Necromancer)         Turns: 299, Time: 00:00:30

Health: -4/13      AC:  4    Str: 11    XL:     1   Next: 91%
Magic:  0/4        EV: 12    Int: 14    God:
Gold:   29         SH:  0    Dex: 12    Spells: 5/6 levels left

rFire   x . .        (no weapon)
rCold   + . .        (no shield)
rNeg    + + +        a - +0 robe
rPois   ∞            b - +0 helmet
rElec   .            c - +0 cloak
rCorr   .            (no gloves)
SInv    .            (no boots)
Will    .....        (no amulet)
Stlth   ++           d - ring of wizardry
HPRegen 0.22/turn    (no ring)
MPRegen 0.09/turn

%: faith, wizardry (x1)
@: no status effects
A: cold resistance 1, negative energy resistance 3, torment resistance 2, heat
vulnerability 1, no potions, faith
a: no special abilities


You were on level 1 of the Dungeon.
You visited 1 branch of the dungeon, and saw 1 of its levels.

You collected 29 gold pieces.


Innate Abilities, Weirdness & Mutations

You are immune to poison.
Your flesh is cold resistant. (rC+)
You are immune to negative energy. (rN+++)
You are immune to unholy pain and torment.
You are vulnerable to heat. (rF-)
You do not drink.
You have a special connection with the divine. (Faith)


   Skills:
 - Level 1.5 Dodging
 - Level 1.5 Stealth
 * Level 3.2 Spellcasting
 + Level 4.1 Necromancy


You had 5 spell levels left.
You knew the following spells:

 Your Spells              Type           Power      Damage    Failure   Level
a - Necrotise             Necr           52%        1d6       1%          1

Your spell library contained the following spells:

 Spells                   Type           Power      Damage    Failure   Level
 Vampiric Draining        Necr           13%        2d6       4%          3
 Animate Dead             Necr           13%        N/A       16%         4
 Agony                    Necr           13%        N/A       38%         5

Inventory:

Armour
 a - a +0 robe (worn)
 b - a +0 helmet (worn)
   (You found it on level 1 of the Dungeon)
 c - a +0 cloak (worn)
   (You found it on level 1 of the Dungeon)
Jewellery
 d - a ring of wizardry (left hand)
   (You found it on level 1 of the Dungeon)

Dungeon Overview and Level Annotations

Branches:
Dungeon (1/15) Zot: 5701

Altars:

# #.......# # ##.....## #
##.....##
##############.......#
.....................#####
#####...####.............##
#####...# ##............?.####
...##...###...................
##..#.....(.#...@g..r.........
##.....####..................
###...###...................
#.......#.........).....##
#####.....####............#..#
........#.#......(.......## ..
#####.......######.####...# .
####....## .... .#.# ##.....#
..


You could see a gnoll and a rat.


Message History

A hobgoblin is nearby!
The hobgoblin barely resists. 😎 MP[-1]
You lost 1 mp, and now have 3/4 mp.
The hobgoblin writhes in agony. 😎 MP[-1]
You lost 1 mp, and now have 2/4 mp.
The hobgoblin writhes in agony. 😎 MP[-1]
You lost 1 mp, and now have 1/4 mp.
A hobgoblin is nearby!
A hobgoblin is nearby!
A hobgoblin is nearby!
The hobgoblin writhes in agony.
You kill the hobgoblin!
The dead are walking! 😎 MP[-1]
You lost 1 mp, and now have 0/4 mp.
Your hobgoblin skeleton crumbles into dust!
Key pressed, stopping explore.
A goblin comes into view. It is wielding a +0 dagger. 😎 MP[+4]
Your mp is fully restored (4).
A goblin is nearby!
A goblin is nearby!
A goblin is nearby!
You can't see any susceptible monsters within range! (Use Z to cast anyway.)
The goblin shouts!
You hear an angry hiss.
You hear a shout!
The goblin writhes in agony.
You kill the goblin!
The dead are walking!
A ball python comes into view.
The ball python bites your goblin skeleton.
The ball python grabs your goblin skeleton.
The ball python constricts your goblin skeleton. 😎 MP[-1]
You lost 1 mp, and now have 3/4 mp.
You can't see any susceptible monsters within range! (Use Z to cast anyway.)
You can't see any susceptible monsters within range! (Use Z to cast anyway.)
A ball python is nearby!
A ball python is nearby!
A ball python is nearby!
Unknown command.
A gnoll comes into view. It is wielding a +0 club.
The ball python completely misses your goblin skeleton.
The ball python constricts your goblin skeleton.
Your goblin skeleton barely misses the ball python.
The ball python bites your goblin skeleton.
The ball python constricts your goblin skeleton.
You can't see any susceptible monsters within range! (Use Z to cast anyway.)
You can't see any susceptible monsters within range! (Use Z to cast anyway.) Unknown command.
The ball python loses its grip on your goblin skeleton.
Your goblin skeleton hits the ball python.
The ball python writhes in agony.
Your goblin skeleton hits the ball python.
The ball python dies! 😎 MP[-1]
You lost 1 mp, and now have 2/4 mp.
The gnoll writhes in agony.
A rat comes into view. 😎 MP[-1]
You lost 1 mp, and now have 1/4 mp.
Unknown command.
Aiming: Necrotise (safe; 1% risk of failure)
Press: ? - help, Q - select action Shift-Dir - straight line, f/p - gnoll
Aim: a gnoll, wielding a +0 club (heavily wounded, ally target, chance to affect: 76%)
The gnoll barely resists.
The rat twitches its whiskers.
Aiming: Necrotise (safe; 1% risk of failure)
Press: ? - help, Q - select action Shift-Dir - straight line, f/p - gnoll
Aim: a gnoll, wielding a +0 club (heavily wounded, ally target, chance to affect: 76%)
The gnoll writhes in agony.
The gnoll hits you with a +0 club. 😕 HP[-2] MP[-1]
You take 2 damage, and now have 11/13 hp.
You lost 1 mp, and now have 0/4 mp.
You hit the gnoll but do no damage.
Your goblin skeleton closely misses the gnoll.
The gnoll hits you with a +0 club.
* * * LOW HITPOINT WARNING * * *
😨 HP[-6]
You take 6 damage, and now have 5/13 hp.
MASSIVE DAMAGE!! (PAUSE)
You closely miss the gnoll. The gnoll barely misses you.
Your goblin skeleton barely misses the gnoll. 😨 HP[+1]
You hit the gnoll.
The rat barely misses your goblin skeleton.
The gnoll hits you with a +0 club.
* * * LOW HITPOINT WARNING * * *
Your goblin skeleton barely misses the gnoll. 😱 HP[-4]
You take 4 damage, and now have 2/13 hp.
MASSIVE DAMAGE!! (PAUSE)
The gnoll attacks as you move away! The gnoll barely misses you.
The rat bites your goblin skeleton.
Your goblin skeleton is destroyed!
The gnoll attacks as you move away! The gnoll hits you with a +0 club.
You die...

Skill      XL: |  1 |
---------------+----+-----
Spellcasting   | 3 |  3.2
Dodging        | |  1.5
Stealth        | |  1.5
Necromancy     | |  4.1

Action                     || total
---------------------------++-------
  Melee: Unarmed           ||     7
   Cast: Necrotise         ||    17
 Armour: Robe              ||     1
  Dodge: Dodged            ||     4

Levels and vault maps discovered:
D:1:      ncdulo_smallfort, layout_rooms,
          hellmonk_ecumenical_altar_inner_sanctum

Notes
Turn   | Place    | Note
-------+----------+-------------------------------------------
     0 | D:1      | ytrimaz the Mummy Necromancer began the quest for the Orb.
     0 | D:1      | Reached XP level 1. HP: 13/13 MP: 4/4
     0 | D:1      | magus.rc [v1.9.6]
   131 | D:1      | Reached skill level 3 in Spellcasting
   296 | D:1      | HP: 2/13 [gnoll/+0 club (4)]
   299 | D:1      | Slain by a gnoll

Vanquished Creatures
  2 endoplasms (D:1)
  A goblin (D:1)
  A hobgoblin (D:1)
  A kobold (D:1)
  A rat (D:1)
6 creatures vanquished.

Vanquished Creatures (collateral kills)
  A ball python (D:1)
1 creature vanquished.

Grand Total: 7 creatures vanquished

Table legend:
 A = Non-vault XP
 B = Vault XP
 C = Vault XP percentage of total XP
 D = Non-vault monster count
 E = Vault monster count
 F = Vault count percentage of total count
                 A         B        C        D         E       F
            +---------+---------+-------+---------+---------+-------
      Total |      11 |       0 |   0.0 |       7 |       0 |   0.0
            +---------+---------+-------+---------+---------+-------
        D:1 |      11 |       0 |   0.0 |       7 |       0 |   0.0
            +---------+---------+-------+---------+---------+-------

Skill      XL: |  1 |
---------------+----+-----
Spellcasting   | 3 |  3.2
Dodging        | |  1.5
Stealth        | |  1.5
Necromancy     | |  4.1

Action                     || total
---------------------------++-------
  Melee: Unarmed           ||     7
   Cast: Necrotise         ||    17
 Armour: Robe              ||     1
  Dodge: Dodged            ||     4

Illustrated notes

Table legend:
 A = Kills in this place as a percentage of kills in the entire game.
 B = Kills by you in this place as a percentage of kills by you in the entire game.
 C = Kills by friends in this place as a percentage of kills by friends in the entire game.
 D = Other kills in this place as a percentage of other kills in the entire game.
 E = Experience gained in this place as a percentage of experience gained in the entire game.
 F = Experience gained in this place divided by the number of levels of this place that you have seen.
                   A       B       C       D       E      F
               +-------+-------+-------+-------+-------+----------------------
         Total | 100.0 | 100.0 | 100.0 |   N/A | 100.0 |  11.0
       Dungeon | 100.0 | 100.0 | 100.0 |   N/A | 100.0 |  11.0
               +-------+-------+-------+-------+-------+----------------------

Table legend: (Time is in decaauts)
 A = Elapsed time spent in this place.
 B = Non-inter-level travel time spent in this place.
 C = Inter-level travel time spent in this place.
 D = Time resting spent in this place.
 E = Time spent auto-exploring this place.
 F = Levels seen in this place.
 G = Mean time per level.
                   A        B        C        D        E       F      G
               +--------+--------+--------+--------+--------+-----+--------+
         Total |    298 |    298 |      0 |      0 |    227 |   1 |  298.0 |
       Dungeon |    298 |    298 |      0 |      0 |    227 |   1 |  298.0 |
               +--------+--------+--------+--------+--------+-----+--------+

Top non-repeatable levels by time:
     D:1: 298 daAuts
